 Dungeon Crawl Stone Soup version 0.31-a0-175-g9f7f995f2b (webtiles) character file.

Game seed: 8127315540255102922

266 qw the Chopper (level 6, -7/38 HPs)
             Began as a Gargoyle Fighter on June 16, 2023.
             Mangled by an ogre
             ... wielding a +0 giant spiked club
              (24 damage)
             ... on level 3 of the Dungeon.
             The game lasted 00:01:31 (3857 turns).

qw the Chopper (Gargoyle Fighter)                   Turns: 3857, Time: 00:01:32

Health: -7/38      AC: 16    Str: 22    XL:     6   Next: 20%
Magic:  6/6        EV:  8    Int:  8    God:
Gold:   286        SH:  4    Dex:  9    Spells: 5/5 levels left

rFire   + . .        Y - +0 war axe
rCold   + + +        c - +0 buckler
rNeg    + . .        s - +0 chain mail
rPois   inf          (no helmet)
rElec   +            l - scarf {rC+ rF+}
rCorr   .            i - +2 pair of gloves
SInv    .            (no boots)
Will    .....        (no amulet) Stlth
                     m - ring of protection from cold
HPRegen 0.26/turn    r - ring of protection from cold
MPRegen 0.10/turn

%: no passive effects
@: no status effects
A: sickness immunity, AC +4, negative energy resistance 1, electricity
resistance, torment resistance 1, petrification resistance
a: no special abilities


You were on level 3 of the Dungeon.
You visited 1 branch of the dungeon, and saw 4 of its levels.

You collected 286 gold pieces.


Innate Abilities, Weirdness & Mutations

You are immune to sickness and miasma.
Your stone body is resilient. (AC +4)
You are immune to poison.
You resist negative energy. (rN+)
You are resistant to electric shocks. (rElec)
You are resistant to unholy torment.
You are immune to petrification.


   Skills:
 - Level 4.0 Fighting
 + Level 5.2 Axes
 - Level 3.2 Armour
 - Level 1.0 Dodging
 - Level 3.2 Shields


You had 5 spell levels left.
You didn't know any spells.
Your spell library was empty.

Inventory:

Hand Weapons
 q - a +2 flail of protection
 Y - a +0 war axe (weapon)
Armour
 c - a +0 buckler (worn)
 h - a +0 cloak
 i - a +2 pair of gloves (worn)
 l - a scarf of resistance (worn)
 s - a +0 chain mail (worn)
Jewellery
 m - a ring of protection from cold (left hand)
 r - a ring of protection from cold (right hand)
Scrolls
 a - a scroll of identify {unknown}
 n - 3 scrolls of amnesia {unknown}
Potions
 d - a potion of might
 e - a potion of berserk rage {unknown}
 f - 2 potions of lignification {unknown}
 g - a potion of heal wounds {unknown}
 j - 2 potions of attraction {unknown}
 k - a potion of magic {unknown}
 o - a potion of curing {unknown}
 p - a potion of mutation {unknown}

Dungeon Overview and Level Annotations

Branches:
Dungeon (4/15)
 Temple: D:4-7

Altars:

Annotations:
D:4 3 runed translucent doors, qw's ghost, amateur GrFi; qw's ghost, amateur NaHu


Message History

Enter note:
Enter note: You slash the iguana!
The iguana is heavily wounded.
A hound comes into view.
The iguana barely misses you.
A gnoll comes into view. It is wielding a +0 club.
The hound barks!
You hit the iguana but do no damage.
The iguana is heavily wounded.
The hound stops to sniff the ground.
The iguana barely misses you.
A gnoll bouda comes into view. It is wielding a +0 club.
A phantom comes into view.
You hit the iguana but do no damage.
The iguana is heavily wounded.
You barely miss the hound. The hound bites you but does no damage.
The iguana barely misses you.
An iguana comes into view.
The gnoll bouda barks out a call to the hunt!
The gnolls pick up the pace!
The hound bites you but does no damage.
The iguana bites you but does no damage.
The ogre hits you with a +0 giant spiked club!!
Ouch! That really hurt!
3855 ||| STAIRDANCE The hound barely misses you.
The gnoll hits you from afar with a +0 halberd.
The orc hits you but does no damage.
The iguana bites you but does no damage.
The hound bites you but does no damage.
You climb upwards.
There is a stone staircase leading down here.
You hit the iguana.
The iguana is severely wounded.
You barely miss the orc. You barely miss the hound. You hit the ogre.
The hound closely misses you.
The ogre hits you with a +0 giant spiked club!!
Ouch! That really hurt!
You die...

##### #...# #...# ###
#...#
..########.[.#############
........[......l@........#
..####.###...#.hOo.....#.#
....##.# #...#.........#.#
....##.# #####.........#.#
....##.# #.........#.#
....##.#
#.........#.#######
....##.#
#.........#.......#
######.#
#.........#######.# #.#
###%####### #.#


You could see an ogre, an iguana, a hound and an orc.

Vanquished Creatures
  An ogre (D:3)
  Jessica (D:2)
  An iguana (D:4)
  4 gnolls (D:4)
  An adder (D:3)
  An ufetubus (D:4)
  A worm (D:3)
  2 dart slugs
  8 orcs (D:3)
  4 ball pythons
  8 endoplasms
  2 giant cockroaches
  6 goblins
  2 hobgoblins
  4 jackals
  A quokka (D:2)
  4 bats
  7 frilled lizards
  5 kobolds
  5 rats (D:3)
68 creatures vanquished.

Notes
Turn   | Place    | Note
-------+----------+-------------------------------------------
     0 | D:1      | qw the Gargoyle Fighter began the quest for the Orb.
     0 | D:1      | Reached XP level 1. HP: 14/14 MP: 1/1
     0 | D:1      | 0 ||| qw: Version: 0.2-a-29-g511e9b1
     0 | D:1      | 0 ||| qw: Game counter: 5653
     0 | D:1      | 0 ||| qw: Always use a shield: true
     0 | D:1      | 0 ||| qw: God list: Okawaru
     0 | D:1      | 0 ||| qw: Allow faded altars: false
     0 | D:1      | 0 ||| qw: Do Orc after D:15 true
     0 | D:1      | 0 ||| qw: Do second Lair branch before Depths: true
     0 | D:1      | 0 ||| qw: Lair rune preference: random
     0 | D:1      | 0 ||| qw: Plans: Normal, Zot:1-4, Slime:5, God:TSO, Crypt,
                  | Tomb, Abyss, Pan, Hells, Win
     0 | D:1      | 0 ||| PLANNING D:1-11
    65 | D:1      | Reached skill level 2 in Axes
   407 | D:1      | 407 ||| Stepping ~*~*~tactically~*~*~ (hiding).
   414 | D:1      | Reached XP level 2. HP: 17/19 MP: 2/2
  1028 | D:1      | 1028 ||| UPGRADING to +0 cloak.
  1033 | D:1      | 1033 ||| UPGRADING to +2 pair of gloves.
  1038 | D:1      | 1038 ||| DROPPING +6 ring of intelligence.
  1200 | D:2      | Noticed Jessica
  1210 | D:2      | 1210 ||| Stepping ~*~*~tactically~*~*~ (hiding).
  1219 | D:2      | Killed Jessica
  1220 | D:2      | Reached skill level 3 in Axes
  1220 | D:2      | Reached XP level 3. HP: 21/23 MP: 3/3
  1276 | D:2      | 1276 ||| Stepping ~*~*~tactically~*~*~ (stealth).
  1306 | D:2      | 1306 ||| DROPPING +0 club.
  1564 | D:2      | 1564 ||| Stepping ~*~*~tactically~*~*~ (hiding).
  1811 | D:2      | 1811 ||| UPGRADING to ring of protection from cold.
  1812 | D:2      | 1812 ||| READING scroll labelled LIJACUF GOCU.
  1813 | D:2      | 1813 ||| READING scroll labelled KIWNIS WAUPS.
  1897 | D:3      | Reached XP level 4. HP: 28/28 MP: 4/4
  2064 | D:3      | Reached skill level 4 in Axes
  2066 | D:3      | 2066 ||| DROPPING +0 whip.
  2142 | D:3      | 2142 ||| Stepping ~*~*~tactically~*~*~ (stealth).
  2158 | D:3      | 2158 ||| Stepping ~*~*~tactically~*~*~ (hiding).
  2366 | D:3      | Found a faded altar of an unknown god.
  2556 | D:3      | 2556 ||| Stepping ~*~*~tactically~*~*~ (hiding).
  2589 | D:3      | Noticed an ogre
  2599 | D:3      | Killed an ogre
  2600 | D:3      | Reached skill level 5 in Axes
  2600 | D:3      | Reached XP level 5. HP: 28/32 MP: 5/5
  2671 | D:3      | 2671 ||| Stepping ~*~*~tactically~*~*~ (stealth).
  2672 | D:3      | 2672 ||| Stepping ~*~*~tactically~*~*~ (stealth).
  3312 | D:3      | 3312 ||| UPGRADING to ring of protection from cold.
  3313 | D:3      | 3313 ||| READING 2 scrolls labelled MUETRO CONITOSH.
  3314 | D:3      | 3314 ||| READING scroll labelled VYRIH UGEUSUE.
  3315 | D:3      | 3315 ||| READING scroll labelled IDEISTUHOUSCH.
  3316 | D:3      | 3316 ||| DROPPING scroll of fear.
  3468 | D:4      | Found a runed translucent gate.
  3468 | D:4      | Found a runed translucent gate.
  3469 | D:4      | Found a runed translucent gate.
  3471 | D:4      | Noticed qw's ghost (amateur GrFi)
  3471 | D:4      | Noticed qw's ghost (amateur NaHu)
  3505 | D:4      | 3505 ||| Stepping ~*~*~tactically~*~*~ (hiding).
  3536 | D:4      | 3536 ||| UPGRADING to scarf of resistance.
  3575 | D:4      | 3575 ||| Stepping ~*~*~tactically~*~*~ (stealth).
  3599 | D:4      | 3599 ||| Stepping ~*~*~tactically~*~*~ (stealth).
  3618 | D:4      | 3618 ||| Stepping ~*~*~tactically~*~*~ (stealth).
  3640 | D:4      | Reached XP level 6. HP: 19/38 MP: 6/6
  3645 | D:4      | Reached skill level 1 in Dodging
  3727 | D:4      | 3727 ||| DROPPING +0 flail.
  3826 | D:4      | 3826 ||| UPGRADING to +0 chain mail.
  3836 | D:4      | 3836 ||| DROPPING +0 scale mail.
  3855 | D:4      | 3855 ||| STAIRDANCE
  3857 | D:3      | Mangled by an ogre

Levels and vault maps discovered:
D:1:      zaba_arrival_water, layout_basic
D:2:      layout_basic, uniq_jessica
D:3:      minmay_razor_zed, layout_basic, nicolae_ecumenical_lake_church
D:4:      layout_rooms, gammafunk_ghost_cemetery, feat_on_display

Skill      XL: |  1  2  3  4  5  6 |
---------------+-------------------+-----
Axes           | 2 3 5 |  5.2
Fighting       | 4 |  4.0
Dodging        | 1 |  1.0
Armour         | |  3.2
Shields        | |  3.2

Action                     |  1- 3 |  4- 6 || total
---------------------------+-------+-------++-------
  Melee: War axe           |    87 |   144 ||   231
    Use: Scroll            |     2 |     3 ||     5
 Armour: Scale mail        |    51 |    81 ||   132
         Chain mail        |       |     6 ||     6
  Dodge: Dodged            |    42 |    71 ||   113
  Block: Buckler           |    17 |    28 ||    45

Table legend:
 A = Non-vault XP
 B = Vault XP
 C = Vault XP percentage of total XP
 D = Non-vault monster count
 E = Vault monster count
 F = Vault count percentage of total count
                 A         B        C        D         E       F
            +---------+---------+-------+---------+---------+-------
      Total |     203 |     178 |  46.7 |      52 |      16 |  23.5
            +---------+---------+-------+---------+---------+-------
        D:1 |      13 |       0 |   0.0 |       8 |       0 |   0.0
        D:2 |      19 |      37 |  66.1 |      11 |       1 |   8.3
        D:3 |      51 |     141 |  73.4 |      19 |      15 |  44.1
        D:4 |     120 |       0 |   0.0 |      14 |       0 |   0.0
            +---------+---------+-------+---------+---------+-------
